 Dungeon Crawl Stone Soup version 0.31-a0-986-g5e6e4ef867 (webtiles) character file.

Game seed: 213943789093653855

60 Arex the Ducker (level 4, -2/31 HPs)
             Began as an Octopode Fighter on Nov 7, 2023.
             Hit by a boomerang thrown by an orc (6 damage)
             ... on level 3 of the Dungeon.
             The game lasted 00:02:07 (1441 turns).

Arex the Ducker (Octopode Fighter)                  Turns: 1441, Time: 00:02:07

Health: -2/31      AC:  1    Str: 17    XL:     4   Next: 4%
Magic:  4/4        EV: 13    Int: 10    God:
Gold:   74         SH:  4    Dex: 11    Spells: 3/3 levels left

rFire   . .          .
                       - Unarmed
rCold   + . .        a - +0 buckler
rNeg    . . .        (helmet restricted)
rPois   .            (no amulet)
rElec   .            d - ring of willpower
rCorr   .            g - ring of protection from cold
SInv    .            (no ring)
Will    +....        (no ring)
Stlth   ++           (no ring)
HPRegen 0.25/turn    (no ring)
MPRegen 0.09/turn    (no ring)
                     (no ring)

%: no passive effects
@: hasted, very quick
A: almost no armour, amphibious, 8 rings, camouflage 1, gelatinous body 1,
(nimble swimmer 1), tentacles
a: no special abilities


You were on level 3 of the Dungeon.
You visited 1 branch of the dungeon, and saw 3 of its levels.

You collected 74 gold pieces.

Inventory:

Armour
 a - a +0 buckler (worn)
Jewellery
 d - a ring of willpower (left tentacle)
 g - a ring of protection from cold (right tentacle)
Potions
 b - a potion of might
 e - a potion of enlightenment


   Skills:
 + Level 3.4 Fighting
 + Level 3.5 Dodging
 + Level 3.5 Shields
 + Level 2.7 Unarmed Combat


You had 3 spell levels left.
You didn't know any spells.
Your spell library contained the following spells:

 Spells                   Type           Power      Damage    Failure   Level
 Ensorcelled Hibernation  Hex/Ice        0%         N/A       58%         2
 Jinxbite                 Hex            0%         N/A       58%         2
 Anguish                  Hex/Necr       0%         N/A       99%         4


Dungeon Overview and Level Annotations

Branches:
Dungeon (3/15)

Altars:

Shops:
D:2 :


Innate Abilities, Weirdness & Mutations

You cannot wear most types of armour.
You are amphibious.
You can wear up to eight rings at the same time.
Your skin changes colour to match your surroundings (Stealth+).
Your rubbery body absorbs attacks. (AC +1, EV +1)
((You are camouflaged when in or above water. (Stealth+)))
You have tentacles for arms and can constrict up to eight enemies at once.


Message History

You are too injured to fight recklessly!
You are too injured to fight recklessly!
You are too injured to fight recklessly!
You are too injured to fight recklessly!
You are too injured to fight recklessly!
You are too injured to fight recklessly!
You are too injured to fight recklessly!
You are too injured to fight recklessly!
You are too injured to fight recklessly!
You are too injured to fight recklessly!
You are too injured to fight recklessly!
You are too injured to fight recklessly!
You tentacle-slap the orc.
The orc is severely wounded.
You constrict the orc.
You kill the orc!
The orc hits you from afar with a +0 trident!
The orc throws a boomerang.
You block the boomerang.
The orc wizard gestures at you while chanting.
You are confused.
The orc throws a boomerang.
The boomerang barely misses you.
Okay, then.
The orc attacks as it pursues you! The orc misses you.
The orc hits you with a +0 trident.
The orc hits you from afar with a +0 trident.
* * * LOW HITPOINT WARNING * * *
You're too confused to move!
You feel less confused. The orc closely misses you.
You closely miss the orc wizard. Your grab misses the orc wizard.
The orc wizard hits you with a +0 dagger.
* * * LOW HITPOINT WARNING * * *
The orc throws a boomerang.
You block the boomerang.
You closely miss the orc wizard. Your grab misses the orc wizard.
The orc wizard hits you with a +0 dagger.
* * * LOW HITPOINT WARNING * * *
You block the orc's attack.
You feel yourself speed up. The orc wizard barely misses you.
The orc throws a boomerang.
The boomerang hits you.
You die...

#...#....#
###)).#
#...)##
####....#
#.....###
#.......#
###o....#
#....####
####@o..#
#.....###
#.......#
###.....#
#....####
##....#
#...###
#.#...#
#####.....#


You could see an orc wizard and an orc.

Vanquished Creatures
  An adder (D:2)
  A worm (D:2)
  3 orcs (D:3)
  3 bats
  2 endoplasms (D:2)
  5 giant cockroaches
  4 hobgoblins (D:1)
  10 jackals (D:1)
  2 ball pythons (D:2)
  2 frilled lizards
  2 goblins
  A kobold (D:2)
  5 rats
41 creatures vanquished.

Notes
Turn   | Place    | Note
-------+----------+-------------------------------------------
     0 | D:1      | Arex the Octopode Fighter began the quest for the Orb.
     0 | D:1      | Reached XP level 1. HP: 16/16 MP: 1/1
    89 | D:1      | Reached XP level 2. HP: 3/21 MP: 2/2
   391 | D:1      | Found a faded altar of an unknown god.
   604 | D:1      | Reached XP level 3. HP: 17/26 MP: 3/3
  1213 | D:2      | Found Biuv's Book Boutique.
  1423 | D:3      | Reached XP level 4. HP: 31/31 MP: 4/4
  1441 | D:3      | Hit by a boomerang thrown by an orc

Illustrated notes

Levels and vault maps discovered:
D:1:      matt_arrival_refuge, layout_basic,
          hellmonk_ecumenical_altar_heavens_door
D:2:      cheibrodos_helix_gallery, layout_loops_cross, serial_glass,
          glass_columns_b, glass_columns_b, glass_columns_a, glass_columns_a,
          serial_shops, nicolae_shop_back_alley_shop, serial_park_tiny_pond
D:3:      layout_loops_ring, serial_shops, nicolae_shop_tiny_statue_garden,
          serial_undead, serial_undead_e, serial_undead_f, serial_undead_e,
          serial_undead_c, corner_web_ring, hangedman_decor_push, minivault_25,
          uniq_natasha

Action                     |  1- 3 |  4- 6 || total
---------------------------+-------+-------++-------
  Melee: Unarmed           |    88 |     4 ||    92
         Constrict         |    28 |     1 ||    29
         Tentacles         |    18 |       ||    18
         Punch             |     4 |       ||     4
    Use: Scroll            |     2 |       ||     2
         Potion            |       |     1 ||     1
   Stab: Sleeping          |     3 |       ||     3
 Armour: Skin              |    42 |     8 ||    50
  Dodge: Dodged            |    50 |     6 ||    56
  Block: Buckler           |    18 |     3 ||    21

Table legend: (Time is in decaauts)
 A = Elapsed time spent in this place.
 B = Non-inter-level travel time spent in this place.
 C = Inter-level travel time spent in this place.
 D = Time resting spent in this place.
 E = Time spent auto-exploring this place.
 F = Levels seen in this place.
 G = Mean time per level.
                   A        B        C        D        E       F      G
               +--------+--------+--------+--------+--------+-----+--------+
         Total |   1439 |   1387 |     52 |    396 |    726 |   3 |  479.7 |
       Dungeon |   1439 |   1387 |     52 |    396 |    726 |   3 |  479.7 |
               +--------+--------+--------+--------+--------+-----+--------+

Top non-repeatable levels by time:
     D:1: 874 daAuts
     D:2: 365 daAuts
     D:3: 198 daAuts
